Map: [ESL] Data-C

Players

eGGz

  • Race: Zerg Zerg
  • Spawn Location: 3:00

Cham - Winner!

  • Race: Zerg Zerg
  • Spawn Location: 9:00

Event: DreamHack SC2 Masters 2022 Atlanta (Online)

VOD

Have the link to the VOD?

Description

Time

  • Played on: Sept. 30, 2022, 4:51 p.m.
  • Length: 13:07

All games in this series

Show
View Real Time Build Order
Export as new Build Order

eGGz Zerg 

Build Orders: Hatch First, Zergling Baneling 

Get SALT Encoding   

  12  0:00  Drone  
  13  0:13  Overlord  
  13  0:16  Drone  
  14  0:32  Drone x2  
  14  0:35  Drone  
  17  0:53  Hatchery  
  17  0:55  Drone  
  17  0:57  Drone  
  18  1:09  Extractor  
  17  1:13  Spawning Pool  
  17  1:16  Drone  
  17  1:23  Drone  
  18  1:29  Drone  
  19  1:41  Drone  
  20  1:53  Overlord  
  20  2:01  Queen  
  20  2:05  Zergling x2  
  20  2:06  Zergling x2, Queen  
  26  2:10  Metabolic Boost  
  26  2:14  Drone  
  27  2:18  Drone  
  28  2:24  Drone  
  28  2:28  Drone  
  30  2:38  Hatchery  
  30  2:43  Baneling Nest  
  28  2:45  Drone  
  28  2:46  Drone  
  28  2:51  Overlord  
  30  2:54  Drone  
  31  2:59  Drone x2  
  33  3:10  Drone  
  33  3:11  Zergling x6  
  33  3:12  Zergling x2  
  38  3:20  Zergling x6  
  38  3:21  Zergling x2  
  38  3:26  Baneling x3  
  42  3:28  Zergling x2  
  42  3:31  Baneling  
  43  3:37  Overlord  
  44  3:41  Drone  
  44  3:51  Drone x6  
  48  4:04  Drone  
  48  4:05  Drone  
  48  4:08  Drone  
  49  4:10  Zergling x4  
  49  4:16  Zergling x6  
  52  4:21  Drone  
  53  4:24  Zergling x2  
  53  4:26  Zergling x2  
  53  4:30  Extractor  
  53  4:31  Extractor  
  51  4:33  Baneling x2, Drone, Evolution Chamber  
  51  4:34  Queen, Roach Warren  
  51  4:35  Drone  
  51  4:38  Baneling x2  
  44  4:41  Drone  
  44  4:42  Drone  
  46  4:46  Zergling x2  
  46  4:47  Baneling x2  
  46  4:49  Drone  
  47  4:58  Drone  
  42  5:07  Drone x3  
  42  5:10  Drone x2  
  42  5:11  Drone  
  42  5:12  Zergling x8  
  49  5:18  Roach  
  51  5:25  Roach  
  51  5:26  Roach  
  55  5:32  Roach x2  
  55  5:37  Roach  
  55  5:39  Overlord  
  55  5:40  Baneling  
  55  5:42  Zergling x2  
  58  5:43  Overlord  
  58  5:48  Queen  
  55  5:51  Zergling x4  
  55  5:52  Zergling x2  
  55  5:53  Overlord  
  53  6:00  Ravager  
  53  6:02  Zergling x8  
  58  6:04  Baneling x2  
  58  6:09  Zerg Missile Weapons Level 1  
  58  6:10  Drone x2  
  60  6:17  Drone x2  
  60  6:18  Drone  
  63  6:23  Baneling x2, Drone x2  
  65  6:31  Drone x2  
  65  6:32  Drone  
  68  6:34  Queen  
  68  6:38  Zergling x4  
  69  6:47  Lair  
  69  6:49  Drone x3  
  69  6:53  Overlord  
  72  6:57  Roach x2  
  76  7:02  Roach x2  
  76  7:08  Queen  
  82  7:10  Overlord  
  82  7:13  Drone x2  
  84  7:17  Drone x2  
  84  7:18  Drone  
  84  7:22  Ravager x2  
  89  7:24  Ravager  
  89  7:25  Overlord  
  90  7:34  Drone x3  
  90  7:35  Drone x2  
  95  7:38  Overlord  
  95  7:42  Overlord  
  95  7:44  Drone x6  
  92  7:45  Drone  
  92  7:47  Glial Reconstitution  
  92  7:48  Overseer  
  96  7:52  Roach  
  96  7:54  Roach  
  96  7:56  Overlord  
  96  7:57  Overseer  
  100  8:00  Roach, Evolution Chamber  
  101  8:08  Roach  
  101  8:09  Roach x3  
  101  8:12  Extractor  
  108  8:13  Extractor  
  108  8:16  Overlord  
  108  8:19  Roach  
  117  8:20  Roach x5  
  117  8:26  Overlord  
  119  8:32  Zerg Missile Weapons Level 2  
  119  8:34  Extractor  
  118  8:36  Drone x5  
  123  8:44  Zerg Ground Armor Level 1  
  123  8:46  Roach  
  125  8:49  Hatchery  
  125  8:50  Roach x2  
  125  8:54  Drone x3  
  131  8:55  Overlord  
  131  9:01  Roach x2  
  135  9:16  Roach x8  
  151  9:21  Spine Crawler  
  151  9:23  Spore Crawler, Roach  
  151  9:28  Roach  
  151  9:29  Overlord x2  
  151  9:31  Overlord  
  153  9:48  Roach x7  
  153  9:52  Ravager x2  
  167  9:53  Roach x4, Ravager  
  167  9:57  Roach  
  175  10:02  Ravager x2  
  175  10:05  Roach  
  177  10:10  Roach x3  
  176  10:23  Roach x3  
  176  10:25  Overlord  
  176  10:27  Ravager  
  181  10:35  Roach x9  
  183  10:39  Roach  
  183  10:44  Roach x3  
  183  10:46  Overseer x2  
  191  10:50  Roach  
  191  10:54  Overseer  
  173  11:20  Roach x8  
  173  11:22  Overlord  
  182  11:31  Roach  
  182  11:37  Roach x4  
  184  11:42  Roach x4  
  167  11:59  Roach x4  
  137  12:05  Roach x2  
  111  12:15  Roach  
  111  12:16  Roach x2  
  111  12:20  Roach  
  102  12:30  Roach x3  
  102  12:41  Ravager x2  
  102  12:42  Roach x3  
Show
View Real Time Build Order
Export as new Build Order

Cham Zerg - Winner!

Build Orders: Hatch First 

Get SALT Encoding   

  12  0:00  Drone  
  13  0:12  Overlord  
  13  0:17  Drone  
  14  0:31  Drone x2  
  16  0:48  Hatchery  
  15  0:52  Drone  
  15  0:56  Drone  
  17  1:00  Drone  
  18  1:12  Spawning Pool  
  18  1:18  Extractor  
  16  1:19  Drone  
  16  1:20  Drone  
  18  1:29  Drone  
  19  1:40  Drone  
  20  1:51  Drone  
  21  1:59  Queen  
  21  2:00  Queen  
  21  2:01  Drone, Overlord  
  26  2:11  Drone  
  26  2:14  Drone  
  28  2:18  Metabolic Boost  
  28  2:29  Hatchery  
  27  2:35  Queen  
  29  2:39  Zergling x2  
  29  2:41  Zergling x2  
  31  2:47  Baneling Nest  
  30  2:52  Overlord  
  30  2:55  Drone  
  31  2:59  Drone  
  31  3:03  Zergling x2  
  33  3:06  Drone  
  33  3:09  Drone x2  
  33  3:12  Drone  
  37  3:13  Drone  
  39  3:20  Drone x2  
  39  3:23  Overlord  
  40  3:27  Overlord  
  40  3:30  Zergling x2  
  40  3:32  Drone  
  42  3:35  Drone x2  
  42  3:37  Baneling  
  42  3:38  Baneling  
  42  3:39  Baneling  
  42  3:40  Baneling  
  44  3:42  Zergling x2  
  44  3:44  Zergling x2  
  44  3:47  Zergling x4  
  48  3:59  Zergling x14  
  54  4:08  Baneling  
  54  4:09  Overlord  
  53  4:12  Zergling x2  
  53  4:13  Zergling x4  
  53  4:14  Baneling x2  
  55  4:22  Drone x2, Overlord  
  52  4:25  Extractor  
  52  4:26  Roach Warren  
  51  4:31  Zergling x10  
  54  4:38  Overlord  
  54  4:40  Drone x2  
  54  4:43  Zergling x4  
  58  4:47  Zergling x4  
  58  4:57  Zergling x12  
  59  5:08  Zergling x2  
  59  5:09  Zergling x10, Drone  
  59  5:13  Baneling  
  59  5:14  Baneling  
  65  5:16  Drone  
  65  5:18  Drone  
  66  5:27  Zergling x4  
  65  5:34  Zergling x6  
  65  5:39  Extractor  
  65  5:41  Roach x2, Evolution Chamber  
  65  5:42  Roach  
  68  5:44  Roach x4  
  69  5:59  Roach x6  
  69  6:02  Drone  
  81  6:05  Drone  
  81  6:07  Zerg Missile Weapons Level 1  
  81  6:11  Drone x3  
  84  6:13  Roach  
  87  6:19  Roach  
  87  6:20  Overlord  
  87  6:23  Overlord  
  88  6:27  Overlord  
  87  6:38  Drone x3  
  87  6:39  Drone x2  
  84  6:40  Drone  
  84  6:41  Lair  
  84  6:43  Drone  
  84  6:45  Drone  
  86  6:48  Drone  
  86  6:49  Drone  
  86  6:51  Drone x2  
  90  7:02  Drone x2  
  90  7:03  Overlord  
  90  7:05  Roach x2  
  90  7:07  Drone  
  90  7:08  Drone x2, Extractor  
  99  7:11  Drone  
  99  7:14  Drone  
  100  7:15  Extractor  
  100  7:16  Baneling x2  
  100  7:18  Extractor  
  100  7:21  Drone x2  
  100  7:22  Drone x5  
  105  7:24  Overlord  
  105  7:26  Pneumatized Carapace  
  105  7:29  Roach  
  107  7:33  Roach x3  
  107  7:37  Roach  
  115  7:38  Roach x2  
  115  7:43  Glial Reconstitution  
  115  7:44  Roach x2  
  122  7:46  Roach  
  122  7:47  Roach  
  122  7:49  Roach  
  122  7:51  Roach  
  130  7:54  Overlord x2  
  130  7:57  Overlord  
  130  7:59  Overlord  
  130  8:02  Zerg Missile Weapons Level 2  
  130  8:04  Overlord  
  130  8:10  Overseer  
  130  8:14  Overlord  
  130  8:15  Overlord  
  130  8:16  Roach x3  
  130  8:17  Roach  
  138  8:21  Roach x2  
  138  8:23  Roach  
  138  8:26  Roach x2  
  148  8:28  Overlord  
  148  8:33  Roach x2  
  148  8:34  Roach  
  154  8:36  Burrow  
  154  8:41  Roach x3  
  160  8:44  Roach  
  162  8:49  Roach  
  162  8:50  Roach x2  
  168  9:00  Drone x2  
  168  9:01  Drone  
  168  9:02  Roach  
  173  9:04  Roach  
  173  9:05  Hatchery  
  174  9:17  Roach  
  176  9:18  Overlord x5  
  176  9:22  Tunneling Claws  
  176  9:26  Overlord  
  174  9:46  Ravager  
  174  9:47  Roach x9  
  189  9:55  Roach  
  189  9:56  Roach x5  
  200  10:00  Drone  
  200  10:02  Drone  
  200  10:03  Overlord x3  
  187  10:15  Roach x3  
  183  10:24  Roach x4  
  183  10:26  Zerg Ground Armor Level 1  
  183  10:27  Drone x4  
  185  10:35  Roach  
  185  10:36  Roach x2  
  185  10:37  Roach  
  185  10:39  Roach x3  
  185  10:41  Roach  
  185  10:42  Roach  
  195  10:44  Ravager  
  195  10:45  Ravager x2  
  195  10:49  Roach  
  200  10:51  Roach x3  
  200  10:52  Roach x2  
  200  10:53  Roach  
  178  11:04  Roach  
  178  11:05  Roach x10  
  178  11:06  Roach  
  178  11:07  Roach x5  
  184  11:14  Roach  
  184  11:15  Roach x5  
  181  11:20  Roach x3  
  181  11:23  Roach  
  181  11:25  Roach  
  181  11:28  Ravager x3  
  181  11:29  Roach x3  
  181  11:30  Roach  
  192  11:36  Roach  
  192  11:39  Roach x2  
  198  11:41  Roach  
  178  11:54  Roach x4  
  178  11:55  Roach x6  
  178  11:57  Roach x5  
  178  12:00  Roach x2  
  161  12:06  Roach x2  
  146  12:15  Roach x8  
  133  12:19  Roach x3  
  137  12:24  Roach x4  
  137  12:25  Roach  
  137  12:26  Roach x3  
  137  12:27  Roach  
  145  12:37  Roach x3  
  145  12:41  Roach x5  
  145  12:42  Roach x2  
Tags
 
Add a new tag
Caveats
  • Supply blocks, unpowered buildings, or Contaminate may cause inaccurate times.
  • Supply counts are checked every 10 seconds.